 Dungeon Crawl Stone Soup version 0.29-a0-973-gac7da5f7f0 (webtiles) character file.

Game seed: 5163094819386664255

3506 vurker the Insei (level 10, -22/51 HPs)
             Began as a Vine Stalker Enchanter on July 31, 2022.
             Was a Believer of Makhleb.
             Annihilated by a two-headed ogre
             ... wielding a +0 giant spiked club
              (29 damage)
             ... on level 8 of the Dungeon.
             The game lasted 00:14:13 (6925 turns).

vurker the Insei (Vine Stalker Enchanter)           Turns: 6925, Time: 00:14:14

Health: -22/51     AC: 16    Str: 14    XL:     10   Next: 7%
Magic:  0/23       EV:  9    Int: 15    God:    Makhleb [**....]
Gold:   283        SH: 13    Dex: 16    Spells: 13/13 levels left

rFire   + . .      SeeInvis .     - Unarmed
rCold   . . .      Faith    .   g - +0 kite shield
rNeg    . . .      Spirit   +   l - +0 scale mail
rPois   .          Reflect  +   s - +1 helmet
rElec   .          Harm     .   (no cloak)
rCorr   .          Rampage  .   b - +2 pair of gloves of Patterns {+Inv rF+}
Will    +....                   (no boots)
Stlth   +.........              C - amulet of reflection
HPRegen 0.97/turn               E - ring of magical power
MPRegen 0.18/turn               B - +4 ring of protection

@: no status effects
A: fangs 3, regeneration 1, magic shield, antimagic bite, no potion heal 2
a: Renounce Religion, Evoke Invisibility, Minor Destruction


You were on level 8 of the Dungeon.
You worshipped Makhleb.
Makhleb was pleased with you.
You visited 2 branches of the dungeon, and saw 9 of its levels.

You collected 283 gold pieces.

Inventory:

Hand Weapons
 a - a +3 dagger of venom
   (You took it off a goblin on level 2 of the Dungeon)
Armour
 b - the +2 pair of gloves of Patterns (worn) {+Inv rF+}
   (You acquired it on level 7 of the Dungeon)

   rF:        It protects you from fire.
   +Inv:      It lets you turn invisible.
 g - a +0 kite shield (worn)
   (You took it off a gnoll sergeant on level 6 of the Dungeon)
 l - a +0 scale mail (worn)
   (You found it on level 1 of the Dungeon)
 p - a +0 plate armour
   (You found it on level 2 of the Dungeon)
 s - a +1 helmet (worn)
   (You took it off Robin on level 3 of the Dungeon)
Jewellery
 o - a ring of protection from fire
   (You took it off a wight on level 7 of the Dungeon)
 B - a +4 ring of protection (right hand)
   (You found it on level 3 of the Dungeon)
 C - an amulet of reflection (around neck)
   (You found it on level 3 of the Dungeon)
 E - a ring of magical power (left hand)
   (You found it on level 4 of the Dungeon)
 H - a ring of protection from cold
   (You found it on level 3 of the Dungeon)
 J - a ring of flight
   (You found it on level 6 of the Dungeon)
Wands
 d - a wand of iceblast (9)
   (You took it off a wight on level 7 of the Dungeon)
 t - a wand of flame (5)
   (You found it on level 5 of the Dungeon)
 u - a wand of paralysis (11)
   (You found it on level 2 of the Dungeon)
 D - a wand of polymorph (5)
   (You found it on level 3 of the Dungeon)
Scrolls
 e - 2 scrolls of fog
 k - 5 scrolls of vulnerability
 r - 3 scrolls of enchant armour
 x - 3 scrolls of teleportation
 y - a scroll of blinking
Potions
 c - 2 potions of invisibility
 f - a potion of mutation
 i - 3 potions of lignification
 j - 2 potions of curing
 m - a potion of haste
 n - a potion of ambrosia
 q - a potion of flight
 v - a potion of might
 A - a potion of resistance


   Skills:
 + Level 5.5 Fighting
 - Level 3.4 Short Blades
 + Level 4.0 Armour
 + Level 4.4 Dodging
 - Level 3.6 Stealth
 + Level 2.1 Shields
 * Level 7.9 Unarmed Combat
 - Level 2.1 Spellcasting
 - Level 3.0 Hexes
 + Level 4.2 Invocations


You had 13 spell levels left.
You didn't know any spells.
Your spell library contained the following spells:

 Spells                   Type           Power      Damage    Failure   Level
 Ensorcelled Hibernation  Hex/Ice        12%        N/A       93%         2
 Confusing Touch          Hex            10%        N/A       94%         3
 Tukima's Dance           Hex            10%        N/A       94%         3
 Beastly Appendage        Tmut           2%         N/A       96%         1
 Foxfire                  Conj/Fire      4%         2x1d4     96%         1
 Necrotise                Necr           4%         1d4       96%         1
 Sting                    Tmut/Pois      4%         1d3       96%         1
 Poisonous Vapours        Pois/Air       2%         N/A       99%         2
 Wereblood                Tmut           1%         N/A       99%         2
 Dazzling Flash           Conj/Hex       12%        N/A       99%         3
 Gell's Gravitas          Tloc           1%         N/A       100%        3
 Spider Form              Tmut/Pois      1%         N/A       100%        3
 Teleport Other           Tloc           1%         N/A       100%        3
 Vampiric Draining        Necr           1%         2d6       100%        3
 Olgreb's Toxic Radiance  Pois           1%         N/A       100%        4
 Agony                    Necr           1%         N/A       100%        5
 Dispersal                Tloc           0%         N/A       100%        6


Dungeon Overview and Level Annotations

Branches:
Dungeon (8/15)             Temple (1/1) D:5
   Lair: D:8-11

Altars:
Dithmenos
Elyvilon
Fedhas
Gozag
Makhleb
Nemelex Xobeh
Okawaru
Qazlal
Ru
Sif Muna
Trog
Uskayaw
Vehumet
Xom
Yredelemnul
The Shining One

Annotations:
D:8 Maggie


Innate Abilities, Weirdness & Mutations

You have razor-sharp teeth.
Your natural rate of healing is unusually fast.
When hurt, damage is shared between your health and your magic reserves.
Your bite disrupts and absorbs the magic of your enemies.
Potions cannot restore your health.


Message History

You hit the orc. Your bite misses the orc. The orc hits you but does no damage.
You hit the orc.
You kill the orc!
Makhleb accepts your kill.
You can now harness Makhleb's destructive might.
You hit the orc. Your bite misses the orc. The orc hits you with a +0 hand axe.
You hit the orc.
You kill the orc!
Makhleb accepts your kill.
You feel better.
No target in view!
No target in view!
No target in view!
No target in view!
No target in view!
No target in view!
No target in view!
No target in view!
No target in view!
No target in view!
No target in view!
No target in view!
No target in view!
No target in view!
Items here: ( ))) †.
Found a club.
Found a whip.
A two-headed ogre comes into view.
It is wielding a +0 giant spiked club and a +0 giant club.
The two-headed ogre shouts in stereo!
A two-headed ogre is nearby!
Aim: a two-headed ogre, wielding a +0 giant spiked club and a +0 giant club (chance to affect: 31%)
The two-headed ogre easily resists.
Aim: a two-headed ogre, wielding a +0 giant spiked club and a +0 giant club (chance to affect: 31%)
The two-headed ogre easily resists.
Aim: a two-headed ogre, wielding a +0 giant spiked club and a +0 giant club (chance to affect: 31%)
The two-headed ogre easily resists.
The two-headed ogre hits you with a +0 giant spiked club!!
The two-headed ogre hits you with a +0 giant club!
The two-headed ogre attacks as you move away!
The two-headed ogre hits you with a +0 giant spiked club!
* * * LOW HITPOINT WARNING * * *
The two-headed ogre hits you with a +0 giant club!!
* * * LOW HITPOINT WARNING * * *
Aim: a two-headed ogre, wielding a +0 giant spiked club and a +0 giant club (chance to affect: 31%)
The two-headed ogre easily resists.
Okay, then.
The two-headed ogre attacks as you move away!
The two-headed ogre hits you with a +0 giant spiked club!!
Ouch! That really hurt!
You die...

...## #.# ##.........
..## ..# ##......... ..#
#..# ##......... ..#
##.#####..........
#.......................
..............#.......).
##.............)........
####...............##
####......@####.#
...#######O..##. #..
#..#..# ## #..### .#
...## ##. #


You could see a two-headed ogre.

Vanquished Creatures
  A wyvern (D:8)
  A wraith (D:6)
  A steam dragon (D:7)
  Menkaure (D:6)
  4 water moccasins
  A black bear (D:6)
  2 ice beasts
  An ogre (D:7)
  2 phantoms (D:6)
  3 gnoll sergeants
  A bullfrog (D:6)
  A necrophage (D:5)
  5 scorpions
  9 wights
  3 howler monkeys
  4 hounds
  A gnoll bouda (D:7)
  4 orc priests
  6 orc wizards
  5 iguanas
  Robin (D:3)
  13 gnolls (D:7)
  7 adders
  A shadow imp (D:5)
  A white imp (D:6)
  2 ufetubi
  29 orcs
  8 ball pythons
  9 bats
  6 endoplasms
  2 giant cockroaches
  13 goblins
  15 hobgoblins
  6 quokkas
  2 frilled lizards
  8 kobolds
  8 rats
187 creatures vanquished.

Vanquished Creatures (others)
  A fungus (D:1)
  13 plants (D:7)
14 creatures vanquished.

Grand Total: 201 creatures vanquished

Notes
Turn   | Place    | Note
-------+----------+-------------------------------------------
     0 | D:1      | vurker the Vine Stalker Enchanter began the quest for the
                  | Orb.
     0 | D:1      | Reached XP level 1. HP: 9/9 MP: 4/4
    78 | D:1      | Reached skill level 1 in Short Blades
   364 | D:1      | Reached XP level 2. HP: 14/14 MP: 6/6
   700 | D:1      | Reached skill level 1 in Fighting
   900 | D:1      | Reached XP level 3. HP: 18/18 MP: 7/7
  1011 | D:1      | Found a faded altar of an unknown god.
  1014 | D:1      | Got Plato's Catalogue of Incandescence
  1359 | D:2      | Found a shimmering altar of Xom.
  1535 | D:2      | Gained mutation: Your natural rate of healing is unusually
                  | fast. [Vine Stalker growth]
  1535 | D:2      | Reached XP level 4. HP: 18/22 MP: 5/8
  1808 | D:3      | Found a glowing golden altar of the Shining One.
  1810 | D:3      | Noticed Robin
  1903 | D:3      | Killed Robin
  2019 | D:3      | Found a bloodstained altar of Trog.
  2121 | D:3      | Identified the +1 leather armour "Doribb" {+Blink}
  2177 | D:3      | Reached XP level 5. HP: 26/26 MP: 9/9
  2193 | D:3      | Found a basalt altar of Yredelemnul.
  2245 | D:3      | Identified the +1 robe of Reshas {+Blink Will- Regen+
                  | Int+3}
  2303 | D:3      | Found a faded altar of an unknown god.
  2312 | D:3      | Found a shadowy altar of Dithmenos.
  2755 | D:4      | Reached skill level 1 in Unarmed Combat
  2997 | D:4      | Reached skill level 2 in Unarmed Combat
  3018 | D:4      | Reached XP level 6. HP: 32/32 MP: 10/10
  3204 | D:4      | Reached skill level 3 in Unarmed Combat
  3318 | D:5      | Entered Level 5 of the Dungeon
  3347 | D:5      | Noticed a water moccasin
  3353 | D:5      | Killed a water moccasin
  3354 | D:5      | Reached XP level 7. HP: 36/36 MP: 11/11
  3446 | D:5      | Reached skill level 1 in Armour
  3588 | D:4      | Reached skill level 4 in Unarmed Combat
  3844 | D:5      | Found a staircase to the Ecumenical Temple.
  3867 | Temple   | Entered the Ecumenical Temple
  3885 | Temple   | Became a worshipper of Makhleb the Destroyer
  3933 | D:5      | Found a shimmering blue altar of Sif Muna.
  4314 | D:5      | Gained mutation: You have razor-sharp teeth. [Vine Stalker
                  | growth]
  4314 | D:5      | Reached XP level 8. HP: 42/42 MP: 12/12
  4555 | D:5      | Reached skill level 5 in Unarmed Combat
  4555 | D:5      | Reached skill level 1 in Invocations
  4757 | D:6      | Found an opulent altar of Gozag.
  4819 | D:6      | Noticed a wraith
  4830 | D:6      | Killed a wraith
  4871 | D:6      | Found a blossoming altar of Fedhas.
  5220 | D:7      | Identified a scroll of acquirement
  5220 | D:7      | Acquired the +2 pair of gloves of Patterns {+Inv rF+}
  5283 | D:6      | Reached skill level 6 in Unarmed Combat
  5546 | D:7      | Reached * piety under Makhleb
  5547 | D:7      | Reached XP level 9. HP: 46/46 MP: 13/13
  5861 | D:7      | Noticed Menkaure
  5975 | D:6      | Killed Menkaure
  5976 | D:6      | Reached skill level 7 in Unarmed Combat
  6095 | D:7      | Reached skill level 5 in Fighting
  6176 | D:7      | Reached skill level 1 in Shields
  6719 | D:8      | Reached XP level 10. HP: 50/51 MP: 14/14
  6753 | D:8      | Noticed Maggie
  6858 | D:8      | Reached ** piety under Makhleb
  6918 | D:8      | Noticed a two-headed ogre
  6925 | D:8      | Annihilated by a two-headed ogre

Illustrated notes

Levels and vault maps discovered:
D:1:      sevenhm_arrival_forest_fort_small_4, layout_loops_corners,
          shapermc_ecumenical_altar_rom_forum
D:2:      layout_rooms, basic_altar, minmay_misc_feat_diagonals
D:3:      layout_loops_ring, nicolae_overflow_ecumenical_swirl, bloody_trog,
          tso_metal_star, lemuel_round_altar, uniq_robin
D:4:      layout_loops_ring
D:5:      layout_layer_cave, mainiacjoe_overflow_boulevard,
          minmay_temple_entry_glass, st_stairs_1
D:6:      layout_rooms, grunt_gozag_breadcrumbs, lemuel_round_altar,
          serial_bayou_pond_c
D:7:      layout_basic, nicolae_grassy_gnolls, uniq_menkaure
D:8:      minmay_ornate_pinched, layout_layer_cave, zin_academy, uniq_amaemon,
          uniq_maggie
Temple:   chequers_temple_sunken

Skill      XL: |  1  2  3  4  5  6  7  8  9 10 |
---------------+-------------------------------+-----
Short Blades   | 1 2 3 |  3.4
Fighting       | 1 2 3 4 5 |  5.5
Unarmed Combat | 2 3 4 6 7 |  7.9
Armour         | 1 2 3 4 |  4.0
Dodging        | 2 3 4 |  4.4
Invocations    | 2 4 |  4.2
Shields        | 1 2 |  2.1
Stealth        | |  3.6
Spellcasting   | |  2.1
Hexes          | |  3.0

Action                   |  1- 3 |  4- 6 |  7- 9 | 10-12 || total
-------------------------+-------+-------+-------+-------++-------
Melee: Dagger            |   126 |   185 |   400 |       ||   711
       Bite              |    28 |    39 |   134 |    10 ||   211
       Punch             |       |     4 |    13 |       ||    17
       Unarmed           |       |       |    18 |    23 ||    41
Evoke: Wand              |       |     3 |     3 |     4 ||    10
  Use: Scroll            |       |       |    25 |       ||    25
 Stab: Paralysed         |       |     2 |     2 |       ||     4
       Distracted        |       |     1 |       |       ||     1
Armor: Scale mail        |    77 |    60 |   182 |     7 ||   326
Dodge: Dodged            |    57 |    66 |   169 |     6 ||   298
Block: Other             |       |    10 |    78 |       ||    88
       Kite shield       |       |       |   100 |    11 ||   111

Table legend: (Time is in decaauts)
 A = Elapsed time spent in this place.
 B = Non-inter-level travel time spent in this place.
 C = Inter-level travel time spent in this place.
 D = Time resting spent in this place.
 E = Time spent auto-exploring this place.
 F = Levels seen in this place.
 G = Mean time per level.
                   A        B        C        D        E       F      G
               +--------+--------+--------+--------+--------+-----+--------+
         Total |   6868 |   6636 |    232 |    282 |   4549 |   9 |  763.1 |
       Dungeon |   6831 |   6612 |    219 |    282 |   4542 |   8 |  853.9 |
        Temple |     36 |     23 |     13 |      0 |      6 |   1 |   36.0 |
               +--------+--------+--------+--------+--------+-----+--------+

Top non-repeatable levels by time:
     D:7: 1291 daAuts
     D:5: 1148 daAuts
     D:1: 1122 daAuts
     D:6: 793 daAuts
     D:4: 773 daAuts
     D:3: 768 daAuts
     D:2: 729 daAuts
     D:8: 204 daAuts
  Temple: 36 daAuts
